 Dungeon Crawl Stone Soup version 0.19.0-22-gd96e5fe (webtiles) character file.

49 Ladykiller69 the Shield-Bearer (level 4, -1/37 HPs)
             Began as a Formicid Fighter on Nov 19, 2016.
             Slain by a scorpion (8 damage)
             ... on level 2 of the Dungeon.
             The game lasted 00:02:15 (1030 turns).

Ladykiller69 the Shield-Bearer (Formicid Fighter)   Turns: 1030, Time: 00:02:16

Health: -1/37      AC:  6    Str: 21    XL:     4   Next: 2%
Magic:  4/4        EV:  8    Int:  8    God:
Gold:   91         SH:  9    Dex: 10    Spells: 0 memorised, 3 levels left

rFire  . . .     SeeInvis +     a - +0 war axe
rCold  . . .     Gourm    .     b - +0 scale mail
rNeg   . . .     Faith    .     c - +0 shield
rPois  .         Spirit   .     (helmet unavailable)
rElec  .         Reflect  .     (no cloak)
rCorr  .         Harm     .     (no gloves)
MR     .....                    (no boots)
Stlth  ..........               (no amulet)
                                (no ring)
                                (no ring)

@: lethally poisoned (-1 -> -4)
A: permanent stasis, dig shafts and tunnels, four strong arms, antennae 3
a: Dig, Shaft Self


You were on level 2 of the Dungeon.
You were hungry.

You visited 1 branch of the dungeon, and saw 2 of its levels.

You collected 91 gold pieces.

Inventory:

Hand Weapons
 a - a +0 war axe (weapon)
Missiles
 e - 60 stones (quivered)
Armour
 b - a +0 scale mail (worn)
 c - a +0 shield (worn)
Jewellery
 h - a +2 ring of evasion {unknown}
 q - a +4 amulet of reflection {unknown}
Scrolls
 g - a scroll of teleportation {unknown}
 k - 2 scrolls of remove curse {unknown}
 m - a scroll of enchant weapon {unknown}
 n - a scroll of noise {unknown}
 p - a scroll of identify {unknown}
Potions
 d - a potion of might
 i - a potion of curing {unknown}
 j - a potion of flight {unknown}
 r - a potion of cure mutation {unknown}
Books
 o - Vehumet's Almanac of Combat Magic
   (You found it on level 2 of the Dungeon)

   Spells                             Type                      Level
   a - Magic Dart                     Conjuration                  1
Comestibles
 f - 3 bread rations
 l - 2 meat rations


   Skills:
 + Level 3.9 Fighting
 * Level 2.9 Axes
 + Level 3.4 Armour
 + Level 4.1 Shields


You had 3 spell levels left.
You didn't know any spells.

Dungeon Overview and Level Annotations

Branches:
Dungeon (2/15)

Altars:
Kikubaaqudgha
Sif Muna
Vehumet


Innate Abilities, Weirdness & Mutations

You are under a permanent stasis effect.
You can dig through walls and to a lower floor.
Your four strong arms can wield two-handed weapons with a shield.
You have a pair of large antennae on your head. (SInv)


Message History

The scorpion is lightly wounded.
The scorpion stings you.
You hit the scorpion.
The scorpion is moderately wounded.
The scorpion stings you!
You are poisoned.
The scorpion poisons you! You block the scorpion's attack.
You closely miss the scorpion.
The scorpion is moderately wounded.
You feel sick. The scorpion stings you.
* * * LOW HITPOINT WARNING * * *
You are too injured to fight recklessly!
You are too injured to fight recklessly!
You barely miss the scorpion.
The scorpion is moderately wounded.
You feel sick. You block the scorpion's attack.
You closely miss the scorpion.
The scorpion is moderately wounded.
You feel sick. You block the scorpion's attack. The scorpion stings you!
You die...

#.#.# #....# #.# # #.#.#
####.# #.# .# #.#.#
#.#####.# .# #.#.#
#.#.....# .# #.#.#
#.#.##### .# #...# #.#.#
.# #.### #.#.# .#####.#
#.#.#
.......#########@#.#
.#..†..........#s#.#
.#.###.#######.#.#.#
.#.# #.### #.#.#.#
.#.###...## #.#.#.#
..........####.#.#.#
......>......>...#.###
##.#......)..........#
##.#......†###.#####.###


You could see a scorpion.

Vanquished Creatures
  A worm (D:2)
  A leopard gecko (D:1)
  2 ball pythons (D:1)
  2 bats
  2 giant cockroaches (D:1)
  6 goblins
  5 hobgoblins
  7 jackals (D:2)
  4 kobolds
  A quokka (D:2)
  5 frilled lizards
  3 rats
39 creatures vanquished.

Notes
Turn   | Place    | Note
-------+----------+-------------------------------------------
     0 | D:1      | Ladykiller69 the Formicid Fighter began the quest for the Orb.
     0 | D:1      | Reached XP level 1. HP: 18/18 MP: 1/1
   183 | D:1      | Reached XP level 2. HP: 24/24 MP: 2/2
   377 | D:1      | Reached XP level 3. HP: 29/29 MP: 3/3
   799 | D:2      | Found an ancient bone altar of Kikubaaqudgha.
   801 | D:2      | Found a deep blue altar of Sif Muna.
   803 | D:2      | Found a radiant altar of Vehumet.
   807 | D:2      | Identified Vehumet's Almanac of Combat Magic
   817 | D:2      | Reached skill level 4 in Shields
   906 | D:2      | Reached XP level 4. HP: 25/37 MP: 4/4
  1030 | D:2      | Slain by a scorpion

Skill      XL: |  1  2  3 |
---------------+----------+-----
Shields        | 4 |  4.1
Fighting       | |  3.9
Axes           | |  2.9
Armour         | |  3.4

Action                   |  1- 3 |  4- 6 || total
-------------------------+-------+-------++-------
Melee: War axe           |    92 |    19 ||   111
Armor: Scale mail        |    39 |     3 ||    42
Dodge: Dodged            |    19 |     8 ||    27
Block: Shield            |    63 |     8 ||    71
